 Dungeon Crawl Stone Soup version 0.30-b1-2-g02819fbbbe (webtiles) character file.

Game seed: 358004210800387341

791 LLlMATKO the Trooper (level 7, -9/62 HPs)
             Began as a Minotaur Berserker on Aug 28, 2023.
             Was a Priest of Trog.
             Mangled by an ogre
             ... wielding a +0 giant club
              (17 damage)
             ... on level 4 of the Dungeon.
             The game lasted 00:04:07 (3955 turns).

LLlMATKO the Trooper (Minotaur Berserker)           Turns: 3955, Time: 00:04:07

Health: -9/62      AC: 13    Str: 23    XL:     7   Next: 57%
Magic:  6/6        EV:  7    Int:  4    God:    Trog [***...]
Gold:   224        SH:  4    Dex: 10    Spells: 6/6 levels left

rFire   . . .        a - +0 hand axe
rCold   . . .        g - +0 buckler
rNeg    . . .        q - +1 plate armour
rPois   .            (helmet restricted)
rElec   .            k - scarf {shadows}
rCorr   .            (no gloves)
SInv    .            (no boots)
Will    .....        (no amulet) Stlth
                     (no ring)
HPRegen 0.30/turn    (no ring)
MPRegen 0.10/turn

%: no passive effects
@: no status effects
A: horns 2, retaliatory headbutt
a: Renounce Religion, Berserk, Trog's Hand


You were on level 4 of the Dungeon.
You worshipped Trog.
Trog was most pleased with you.
You visited 1 branch of the dungeon, and saw 4 of its levels.
You also visited: Sewer.

You collected 224 gold pieces.

Inventory:

Hand Weapons
 a - a +0 hand axe (weapon)
 y - a +0 hand axe
Missiles
 j - 18 poisoned darts (quivered)
 n - 6 javelins
 r - a throwing net
 A - 2 curare-tipped darts
Armour
 g - a +0 buckler (worn)
 k - a scarf of shadows (worn)
 q - a +1 plate armour (worn)
Jewellery
 o - a +6 ring of strength
 w - a +4 ring of protection
Wands
 C - a wand of polymorph (11)
Scrolls
 f - 5 scrolls of identify
 l - a scroll of poison
 m - a scroll of enchant armour
 p - 3 scrolls of teleportation
 v - a scroll of fear {unknown}
 x - 2 scrolls of fog {unknown}
Potions
 b - 2 potions of invisibility
 c - 3 potions of curing {unknown}
 d - a potion of flight {unknown}
 e - 2 potions of heal wounds {unknown}
 h - 3 potions of haste
 i - 3 potions of attraction {unknown}
 s - a potion of resistance {unknown}
 t - 2 potions of berserk rage {unknown}
 u - 3 potions of mutation {unknown}
 z - 2 potions of degeneration {unknown}
 B - a potion of lignification {unknown}


   Skills:
 + Level 5.8 Fighting
 + Level 5.8 Axes
 + Level 5.1 Armour
 + Level 4.6 Dodging
 + Level 4.1 Shields


You had 6 spell levels left.
You didn't know any spells.
Your spell library was empty.

Dungeon Overview and Level Annotations

Branches:
Dungeon (4/15)              Sewer (visited)
 Temple: D:4-7

Altars:


Innate Abilities, Weirdness & Mutations

You have a pair of horns on your head.
You reflexively headbutt those who attack you in melee.


Message History

You kill the hobgoblin!
Trog accepts your kill.
No target in view!
You see here a hobgoblin corpse.
You see here a hobgoblin corpse.
z - 2 bubbling brown potions (gained 1)
An ogre comes into view. It is wielding a +0 giant club.
An ogre is nearby!
Found a pink potion.
An ogre is nearby!
You hit the ogre.
The ogre is lightly wounded.
You block the ogre's attack.
An ogre is nearby!
You hit the ogre but do no damage. You headbutt the ogre.
The ogre is moderately wounded.
An ogre is nearby!
You barely miss the ogre.
The ogre is moderately wounded.
The ogre hits you with a +0 giant club!!
An ogre is nearby!
You are too injured to fight recklessly!
An ogre is nearby!
You are too injured to fight recklessly!
An ogre is nearby!
You are too injured to fight recklessly!
You hit the ogre but do no damage.
The ogre is moderately wounded.
The ogre hits you with a +0 giant club!!
* * * LOW HITPOINT WARNING * * *
You hit the ogre.
The ogre is heavily wounded.
You hit the ogre.
The ogre is heavily wounded.
The ogre hits you with a +0 giant club.
* * * LOW HITPOINT WARNING * * *
You hit the ogre.
The ogre is severely wounded.
The ogre hits you with a +0 giant club!
You die...

#.###.###..* #.#
#.# *,,* #.# #.#
#.!# #.# #.# #..#
########.# #)# #..#
.......#.# #.# #..#
######.#.###.# #..#
#............# #O.#
#..........?####@.#
#..###.#>.........#
#..# #.####.#####.#
#..# #.# #.# *.#
#..###.# #.# *.#
#......# #.# *.#
##.###.####.#####.#
#.# #............#
#.# #.####.#######


You could see an ogre.

Vanquished Creatures
  Duvessa (D:4)
  The ghost of diceflayer the Shooter, an amateur DsHu (D:3)
  3 kobold brigands (Sewer)
  A scorpion (D:4)
  Dowan (D:4)
  3 orc wizards
  4 river rats (Sewer)
  9 adders
  3 worms
  11 orcs
  10 ball pythons
  11 endoplasms
  3 giant cockroaches
  8 hobgoblins
  2 jackals (D:1)
  5 kobolds
  3 quokkas
  7 bats
  4 frilled lizards
  5 goblins
  11 rats
106 creatures vanquished.

Notes
Turn   | Place    | Note
-------+----------+-------------------------------------------
     0 | D:1      | LLlMATKO the Minotaur Berserker began the quest for the
                  | Orb.
     0 | D:1      | Reached XP level 1. HP: 19/19 MP: 0/0
    79 | D:1      | Reached XP level 2. HP: 16/27 MP: 1/1
   695 | D:2      | Reached XP level 3. HP: 25/33 MP: 2/2
   745 | D:2      | Reached ** piety under Trog
   815 | D:2      | Reached skill level 1 in Shields
  1510 | D:3      | Found a runed translucent gate.
  1510 | D:3      | Found a runed translucent gate.
  1510 | D:3      | Found a runed translucent gate.
  1524 | D:3      | Reached XP level 4. HP: 40/40 MP: 3/3
  1704 | D:3      | Reached XP level 5. HP: 34/47 MP: 4/4
  2203 | D:3      | Noticed diceflayer's ghost (amateur DsHu)
  2212 | D:3      | Killed diceflayer's ghost
  2389 | D:4      | Found a glowing drain.
  2406 | Sewer    | Entered a sewer
  2428 | Sewer    | Reached XP level 6. HP: 42/55 MP: 5/5
  2576 | Sewer    | Reached skill level 5 in Fighting
  2576 | Sewer    | Reached skill level 5 in Axes
  2916 | Sewer    | Reached XP level 7. HP: 48/61 MP: 6/6
  3200 | D:4      | Reached *** piety under Trog
  3400 | D:4      | Identified the +8 dagger "Moop Ami" {freeze, Stlth+}
  3551 | D:4      | Noticed Duvessa
  3552 | D:4      | Noticed Dowan
  3561 | D:4      | Killed Duvessa
  3562 | D:4      | Reached skill level 5 in Armour
  3562 | D:4      | Killed Dowan
  3955 | D:4      | Mangled by an ogre

Illustrated notes

Levels and vault maps discovered:
D:1:      heliophobic_arrival_henge, layout_rooms, dk_noncrumbling_2,
          amcnicky_mini_rare_corridor_liquid, minmay_tetromino_t4
D:2:      layout_basic
D:3:      layout_basic, ebering_ghost_rock_garden
D:4:      layout_loops_ring, cheibrodos_sewer_entry_drain, chequers_arboretum,
          uniq_duvessa

Skill      XL: |  1  2  3  4  5  6  7 |
---------------+----------------------+-----
Fighting       | 4 5 |  5.8
Axes           | 4 5 |  5.8
Armour         | 3 4 5 |  5.1
Shields        | 1 2 3 4 |  4.1
Dodging        | 3 4 |  4.6

Action                     |  1- 3 |  4- 6 |  7- 9 || total
---------------------------+-------+-------+-------++-------
  Melee: Hand axe          |    87 |   153 |    66 ||   306
         Headbutt          |    15 |    20 |    11 ||    46
  Throw: Dart              |       |     1 |       ||     1
 Invoke: Berserk           |       |     2 |     1 ||     3
         Trog's Hand       |       |     1 |       ||     1
    Use: Scroll            |       |     8 |       ||     8
 Armour: Animal skin       |     8 |       |       ||     8
         Chain mail        |    37 |       |       ||    37
         Plate armour      |     3 |    88 |    27 ||   118
  Dodge: Dodged            |    44 |    50 |    19 ||   113
  Block: Buckler           |     7 |    28 |     7 ||    42
